 Dungeon Crawl Stone Soup version 0.16.2-12-gd0ad4c3 (webtiles) character file.

399097 faibistes the Sorcerer (level 22, 0/133 HPs)
             Began as a Deep Elf Wizard on Apr 7, 2018.
             Was the Champion of Sif Muna.
             Slain by a white very ugly thing (58 damage)
             ... on level 1 of the Depths on Apr 8, 2018.
             The game lasted 05:32:07 (102779 turns).

faibistes the Sorcerer (Deep Elf Wizard)          Turns: 102779, Time: 05:32:09

Health: 0/133      AC: 15    Str:  7    XL:     22   Next: 24%
Magic:  36/47      EV: 17    Int: 37    God:    Sif Muna [******]
Gold:   2131       SH:  0    Dex: 13    Spells: 13 memorised, 3 levels left

rFire  + + +     SeeInvis +     w - staff of earth
rCold  x . .     Clarity  .     v - +2 robe {rC+ rF+}
rNeg   . . .     SustAb   .     (no shield)
rPois  +         Gourm    .     n - +2 hat {Int+3}
rElec  .         Spirit   .     h - +2 cloak {rPois}
rCorr  .         Warding  .     c - +2 pair of gloves {Str+3}
rMut   .         Stasis   .     p - +2 pair of boots
MR     ++...                    y - amulet of rage
Stlth  ++........               L - ring of wizardry
                                x - ring of see invisible

@: immune to fire clouds, deflect missiles, very resistant to hostile
enchantments, unstealthy
A: no striking features
a: Channel Energy, Forget Spell, Renounce Religion, Evoke Berserk Rage
}: 2/15 runes: decaying, gossamer


You were on level 1 of the Depths.
You worshipped Sif Muna.
Sif Muna was exalted by your worship.
You were hungry.

You visited 9 branches of the dungeon, and saw 45 of its levels.
You visited the Abyss 1 time.
You visited 1 bazaar.

You collected 5677 gold pieces.
You spent 3546 gold pieces at shops.

Inventory:

Hand weapons
 t - the +6 long sword of Bosiod {drain, rElec MR+}
   (You bought it in a shop in a bazaar)

   A truly terrible weapon, it drains the life of those it strikes.
   It insulates you from electricity.
   It affects your resistance to hostile enchantments.
 u - a +5 dagger of venom
Armour
 c - a +2 pair of gloves of strength (worn)
 h - a +2 cloak of poison resistance (worn)
 n - a +2 hat of intelligence (worn)
 p - a +2 pair of boots (worn)
 v - a +2 robe of resistance (worn)
 A - a +2 robe of positive energy
Magical staves
 i - an uncursed staff of fire
 w - an uncursed staff of earth (weapon)
Jewellery
 x - a ring of see invisible (left hand)
 y - an amulet of rage (around neck)
 K - an uncursed ring of protection from fire
 L - a ring of wizardry (right hand)
 M - an uncursed ring of ice
 Y - an uncursed ring of poison resistance
Magical devices
 s - a wand of cold (4)
 z - a wand of frost (32)
 C - a wand of disintegration (4)
 H - a wand of disintegration (8)
 O - a wand of teleportation (4)
 Q - a wand of confusion (15)
 U - a wand of confusion (19)
 W - a wand of fire (0)
Scrolls
 a - 13 scrolls of identify
 d - 3 scrolls of summoning
 j - 7 scrolls of magic mapping
 k - 2 scrolls of blinking
 l - 2 scrolls of holy word
 B - 3 scrolls of recharging
 F - 18 scrolls of remove curse
 J - 6 scrolls of immolation
 N - 3 scrolls of fear
 P - 2 scrolls of enchant armour
 S - 11 scrolls of fog
Potions
 b - 2 potions of resistance
 e - 2 potions of invisibility
 g - 6 potions of restore abilities
 o - 5 potions of flight
 q - 14 potions of curing
 r - 5 potions of brilliance
 G - 4 potions of ambrosia
 I - 2 potions of heal wounds
 R - a potion of cure mutation
 T - 2 potions of haste
 X - 2 potions of magic
Comestibles
 m - 14 meat rations


   Skills:
 + Level 12.3 Fighting
 - Level 10.1 Dodging
 - Level 2.4 Stealth
 * Level 22.7 Spellcasting
 * Level 17.4 Conjurations
 - Level 10.0 Charms
   Level 5.1 Summonings
 * Level 8.9 Translocations
   Level 3.1 Transmutations
 * Level 17.2 Fire Magic
   Level 3.0 Ice Magic
 - Level 2.8 Air Magic
 * Level 17.6 Earth Magic
   Level 2.2 Poison Magic
 - Level 10.0 Invocations
 - Level 9.0 Evocations


You had 3 spell levels left.
You knew the following spells:

 Your Spells              Type           Power        Failure   Level  Hunger
a - Magic Dart            Conj           ####         0%          1    None
b - Ring of Flames        Chrm/Fire      ########..   1%          7    None
c - Iskenderun's Battles  Conj/Chrm      #######.     1%          5    None
d - Controlled Blink      Tloc           N/A          6%          7    None
e - Airstrike             Air            ####......   1%          4    None
f - Deflect Missiles      Chrm/Air       #####.....   3%          6    None
g - Lehudib's Crystal Sp  Conj/Erth      ########..   1%          8    #......
h - Haste                 Chrm           #######.     1%          6    None
i - Conjure Flame         Conj/Fire      ########     0%          3    None
j - Blink                 Tloc           N/A          1%          2    None
v - Bolt of Magma         Conj/Fire/Erth #########.   0%          5    None
x - Force Lance           Conj/Tloc      #######.     1%          4    None
z - Fireball              Conj/Fire      ########..   0%          5    None


Dungeon Overview and Level Annotations

Branches:
Dungeon (15/15) Temple (1/1) D:4 Lair (8/8) D:8 Swamp (5/5) Lair:4 Spider (5/5) Lair:4 Slime (0/6) Lair:6 Lair:8 Orc (4/4) D:9 Elf (2/3) Orc:3 Vaults (4/5) D:13 Crypt (0/3) Vaults:3 Depths (1/5) D:15

Altars:
Ashenzari
Cheibriados
Dithmenos
Elyvilon
Fedhas
Gozag
Kikubaaqudgha
Makhleb
Nemelex Xobeh
Okawaru
Qazlal
Ru
Sif Muna
Trog
Vehumet
Xom
Yredelemnul
Zin
The Shining One
Jiyva

Shops:
D:6 *   D:10 (   Orc:4 [*:*   Elf:2 }

Portals:
Pandemonium: Depths:1

Annotations:
Lair:8 1 runed door


Message History

There is a staircase back to the Dungeon, spattered with blood here.
You see here a bolt.
Casting: Ring of Flames
Confirm with . or Enter, or press ? or * to list all spells.
Aiming: Fireball
Press: ? - help, Shift-Dir - straight line, f - yaktaur
Aim: a yaktaur, wielding an arbalest You feel a surge of power!
The fireball explodes!
The fireball engulfs the yaktaur.
The yaktaur is severely wounded.
The yaktaur shoots a bolt.
The bolt completely misses you.
The bolt hits the white ugly thing!
The white ugly thing is engulfed in roaring flames.
The white ugly thing headbutts you! The white ugly thing freezes you!!
You feel a terrible chill!
The white very ugly thing is engulfed in roaring flames.
The white very ugly thing punches you!!
The white very ugly thing freezes you!!!
You feel a terrible chill!
You die...

....[.#... ..
..........
...###(...c!....
PP...#.§≈!.......
P≈....c)....#....
≈.................
≈........((........
P≈≈....u§§..##..∩..
≈P≈....§@§........
P≈≈....§u§.......
P≈......(......#
P≈......(......#
##............#
#...#......#.
####....... ##.....
#..


You could see a white very ugly thing, a white ugly thing and 2 yaktaurs.

Vanquished Creatures
  Boris (Vaults:4)
  the Lernaean hydra (Swamp:5)
  Norris (Spider:2)
  Saint Roka (Swamp:5)
  Mara (Swamp:5)
  Nikola (Spider:2)
  A hellephant (Abyss:1)
  A lich (Vaults:4)
  A titan (Vaults:2)
  The ghost of faibistes the Sorcerer, a mighty DEWz of Sif Muna (Vaults:2)
  Asterion (Vaults:2)
  2 thorn hunters
  Frances (Swamp:1)
  Roxanne (Spider:2)
  A storm dragon (Vaults:4)
  2 fire giants
  Wiglaf (Vaults:1)
  An orc warlord (Vaults:4)
  5 ghost moths
  10 emperor scorpions
  Aizul (Spider:5)
  4 deep elf sorcerers
  11 vault wardens
  Jorgrun (Swamp:5)
  16 ironheart preservers
  10 stone giants
  8 very ugly things
  A deep elf annihilator (Vaults:4)
  5 dire elephants (Lair:8)
  5 fire dragons
  Snorg (Elf:2)
  A green death (Abyss:2)
  3 ettins
  14 vault guards
  9 yaktaur captains
  4 rakshasas
  3 great orbs of eyes
  Fannar (Orc:2)
  36 hydras
  A ghost crab (Swamp:4)
  Harold (D:14)
  2 ice dragons (Vaults:1)
  8 centaur warriors
  Erica (Lair:8)
  25 death yaks
  An anaconda (Lair:8)
  17 dancing weapons (Elf:2)
  2 deep troll earth magi
  A vampire mage (Vaults:3)
  7 ogre magi
  10 alligators
  5 orc high priests (Orc:4)
  A thrashing horror (Abyss:1)
  The ghost of faibistes the Thaumaturge, a powerful DEWz of Sif Muna (D:11)
  A fire crab (shapeshifter) (Vaults:4)
  3 wretched stars
  A death drake (Abyss:2)
  An ice devil (Swamp:1)
  15 deep elf knights
  2 fire crabs
  A spriggan druid (Swamp:4)
  2 unseen horrors
  A shadow wraith (Vaults:3)
  11 deep trolls
  6 deep elf summoners
  6 wizards
  4 starcursed masses (Abyss:2)
  10 swamp dragons
  3 shambling mangroves
  17 ironbrand convokers
  6 hill giants
  A harpy (shapeshifter) (Vaults:4)
  39 wolf spiders
  13 harpies (Vaults:2)
  19 orc knights
  4 deep elf conjurers
  An orb spider (shapeshifter) (D:14)
  7 griffons
  6 orc sorcerers
  24 orb spiders
  An oklob plant (Lair:5)
  19 hornets
  A manticore (D:12)
  A phantasmal warrior (Vaults:2)
  2 necromancers
  26 slime creatures
  5 cyclopes
  34 ugly things
  35 elephants
  A moth of wrath (Spider:3)
  16 vault sentinels
  8 torpor snails
  A black mamba (shapeshifter) (Vaults:2)
  7 black mambas
  An orange demon (Abyss:1)
  2 gargoyles (D:13)
  Psyche (D:9)
  2 smoke demons
  27 demonic crawlers
  4 kobold demonologists
  4 komodo dragons
  26 spiny frogs
  A tengu conjurer (D:13)
  4 fire drakes
  A dryad (Lair:6)
  44 jumping spiders
  3 large abominations
  4 ancient zymes
  40 yaktaurs
  8 deep elf priests
  A blue devil (Swamp:1)
  An efreet (Abyss:2)
  A queen bee (shapeshifter) (Vaults:2)
  8 giant leeches
  4 freezing wraiths
  8 trolls
  A human zombie (Vaults:3)
  Prince Ribbit (D:5)
  6 bog bodies
  A polar bear (Lair:4)
  9 two-headed ogres
  8 ravens
  An ettin zombie (Vaults:3)
  11 boulder beetles
  4 flying skulls (Abyss:2)
  A trapdoor spider (shapeshifter) (Vaults:3)
  23 blink frogs
  8 baby alligators
  4 spriggans
  A wyvern (D:10)
  3 wraiths
  47 yaks
  3 basilisks
  19 deep elf magi
  4 vampires
  67 redbacks
  37 trapdoor spiders
  A redback (shapeshifter) (Depths:1)
  A ynoxinul (Vaults:1)
  27 tarantellas
  3 shadows
  3 hungry ghosts
  8 hippogriffs
  2 steam dragons (D:6)
  A yak (shapeshifter) (Elf:2)
  A neqoxec (Abyss:2)
  33 deep elf fighters
  44 vampire mosquitoes
  A soldier ant (shapeshifter) (Vaults:2)
  5 wargs
  2 mottled dragons
  34 swamp worms
  21 wolves
  A human (D:7)
  31 water moccasins
  13 insubstantial wisps
  The ghost of faibistes the Magician, an average DEWz (D:3)
  17 swamp drakes
  4 ice beasts
  2 sky beasts
  27 spiders
  2 eyes of draining
  26 centaurs
  54 orc warriors
  7 porcupines
  A spider (shapeshifter) (Vaults:1)
  13 wasps
  4 black bears
  A boggart (Elf:1)
  3 boring beetles
  2 phantoms
  34 ogres
  A necrophage (D:9)
  Sigmund (D:4)
  Duvessa (D:8)
  4 brain worms (Spider:4)
  17 crocodiles
  3 big kobolds
  A boring beetle (shapeshifter) (Vaults:2)
  An ogre (shapeshifter) (Vaults:4)
  Blork the orc (D:4)
  An earth elemental (Abyss:2)
  23 giant frogs
  A wyvern zombie (D:12)
  A glowing shapeshifter simulacrum (Vaults:1)
  2 wyvern skeletons
  9 wights (D:6)
  14 scorpions
  2 electric eels
  A small abomination (Abyss:2)
  18 hounds
  12 crimson imps
  A basilisk zombie (Lair:7)
  A giant frog zombie (D:12)
  4 goliath beetles
  Dowan (D:8)
  2 quasits
  5 centaur skeletons
  A centaur zombie (D:5)
  13 iguanas
  A giant frog skeleton (D:7)
  Crazy Yiuf (D:4)
  An iron imp (Abyss:2)
  50 orc priests
  6 jellies
  8 worker ants
  A spectral orc (Lair:3)
  Natasha (D:2)
  29 orc wizards
  2 crocodile zombies (Lair:7)
  18 sheep
  A hound zombie (D:5)
  2 worker ant zombies (D:10)
  18 gnolls
  28 adders
  58 river rats
  A giant mite (D:8)
  2 shadow imps
  3 white imps (Lair:6)
  4 worms
  An adder zombie (D:5)
  3 adder skeletons
  11 giant geckos
  18 oozes (Lair:5)
  192 orcs
  2 ball pythons
  A bat skeleton (D:7)
  5 giant cockroaches
  19 goblins
  25 hobgoblins
  4 jackals (D:1)
  28 kobolds
  11 quokkas
  17 bats
  A giant gecko skeleton (D:7)
  7 giant newts
  2 giant spores
  A jackal skeleton (D:4)
  A lurking horror (Abyss:1)
  21 rats
  7 ballistomycetes
  2 crawling corpses (Elf:2)
  2 fungi (Elf:2)
  7 plants (Lair:8)
2262 creatures vanquished.

Vanquished Creatures (collateral kills)
  An ice dragon (Lair:6)
  A death yak (Lair:4)
  The ghost of faibistes the Thaumaturge, a powerful DEWz of Sif Muna (Lair:4)
  Nergalle (Lair:3)
  An oklob plant (Lair:5)
  7 elephants
  A komodo dragon (Lair:8)
  10 blink frogs
  A redback (Spider:4)
  3 yaks
  2 hippogriffs
  4 wolves
  4 orc warriors
  2 porcupines (Lair:4)
  An ogre (Orc:2)
  2 giant frogs
  2 orc priests
  An iguana (Lair:4)
  4 orc wizards (Orc:1)
  14 sheep
  An adder (Lair:7)
  A giant gecko (D:3)
  42 orcs
  3 hobgoblins
  A kobold (D:9)
  A bush (Lair:8)
  3 fungi
  11 plants
126 creatures vanquished.

Vanquished Creatures (others)
  A necromancer (Vaults:3)
  An ugly thing (Vaults:3)
  4 dryads
  8 ice beasts
  2 small abominations
  An orc wizard (Orc:4)
  2 giant spores
  2 ballistomycetes (D:13)
  83 fungi
  29 plants
  2 snaplasher vines
  749 snaplasher vine segments
884 creatures vanquished.

Grand Total: 3272 creatures vanquished

Notes
Turn   | Place    | Note
--------------------------------------------------------------
     0 | D:1      | faibistes, the Deep Elf Wizard, began the quest for the Orb.
     0 | D:1      | Reached XP level 1. HP: 10/10 MP: 6/6
   367 | D:2      | Reached XP level 2. HP: 15/15 MP: 7/10
   371 | D:2      | Learned a level 2 spell: Blink
   374 | D:2      | Learned a level 2 spell: Call Imp
   899 | D:1      | Reached XP level 3. HP: 19/19 MP: 5/13
   904 | D:1      | Learned a level 3 spell: Conjure Flame
   910 | D:1      | Learned a level 3 spell: Mephitic Cloud
   967 | D:1      | Reached skill level 5 in Spellcasting
  1864 | D:2      | Reached XP level 4. HP: 24/24 MP: 7/17
  1868 | D:2      | Learned a level 2 spell: Repel Missiles
  2071 | D:3      | Noticed faibistes' ghost (average DEWz)
  2476 | D:3      | Killed faibistes' ghost
  2476 | D:3      | Reached skill level 6 in Spellcasting
  2476 | D:3      | Reached XP level 5. HP: 22/28 MP: 0/20
  3097 | D:3      | Found a glowing silver altar of Zin.
  3297 | D:4      | Noticed Natasha
  3594 | D:2      | Killed Natasha
  3594 | D:2      | Reached XP level 6. HP: 32/32 MP: 5/22
  3788 | D:3      | Found a sparkling altar of Nemelex Xobeh.
  3816 | D:3      | Noticed an ogre
  3823 | D:3      | Killed an ogre
  4549 | D:4      | Found a staircase to the Ecumenical Temple.
  4549 | D:4      | Noticed an ogre
  4559 | Temple   | Entered the Ecumenical Temple
  4978 | D:4      | Killed an ogre
  4978 | D:4      | Reached skill level 1 in Fighting
  4978 | D:4      | Reached skill level 7 in Spellcasting
  5221 | D:5      | Entered Level 5 of the Dungeon
  5368 | D:4      | Found a bloodstained altar of Trog.
  5377 | D:4      | Reached XP level 7. HP: 38/38 MP: 14/25
  5379 | D:4      | Noticed Blork the orc
  5515 | D:4      | Killed Blork the orc
  5516 | D:4      | Noticed Sigmund
  5541 | D:4      | Killed Sigmund
  5680 | D:4      | Reached skill level 8 in Spellcasting
  5983 | D:5      | Noticed Prince Ribbit
  5997 | D:5      | Killed Prince Ribbit
  5997 | D:5      | Reached skill level 5 in Dodging
  6071 | D:6      | Found Schyhoot's General Store.
  6079 | D:6      | Bought a potion of curing for 39 gold pieces
  6079 | D:6      | Bought a wand of disintegration (8) for 156 gold pieces
  6158 | D:4      | Found a snail-covered altar of Cheibriados.
  6159 | D:4      | Found a basalt altar of Yredelemnul.
  6260 | D:4      | Noticed Crazy Yiuf
  6266 | D:4      | Killed Crazy Yiuf
  6371 | D:5      | Reached XP level 8. HP: 46/46 MP: 23/28
  6409 | D:5      | Reached skill level 9 in Spellcasting
  7116 | D:5      | Found a sparkling altar of Nemelex Xobeh.
  8086 | D:6      | Reached skill level 10 in Spellcasting
  8780 | D:6      | Reached XP level 9. HP: 53/53 MP: 11/30
  8909 | D:6      | Reached skill level 5 in Fighting
  9254 | D:6      | Reached skill level 11 in Spellcasting
  9936 | D:7      | Found an opulent altar of Gozag.
 10076 | D:7      | Learned a level 3 spell: Stone Arrow
 10721 | D:7      | Noticed a yak
 10721 | D:7      | Noticed a human
 10724 | D:7      | Noticed a yak
 10738 | D:7      | Killed a yak
 10746 | D:7      | Killed a human
 10746 | D:7      | Reached skill level 12 in Spellcasting
 10928 | D:7      | Killed a yak
 11203 | D:8      | Noticed Dowan
 11206 | D:8      | Noticed Duvessa
 11208 | D:8      | Killed Dowan
 11382 | D:8      | Killed Duvessa
 11382 | D:8      | Reached XP level 10. HP: 61/61 MP: 25/33
 12225 | D:8      | Found a staircase to the Lair.
 12227 | D:8      | Noticed a komodo dragon
 12253 | D:8      | Killed a komodo dragon
 12688 | D:9      | Noticed Psyche
 12695 | D:9      | Killed Psyche
 12739 | D:10     | Entered Level 10 of the Dungeon
 12866 | D:9      | Found a staircase to the Orcish Mines.
 12923 | D:9      | Found a deep blue altar of Sif Muna.
 12932 | D:9      | Became a worshipper of Sif Muna the Loreminder
 13458 | Lair:1   | Entered Level 1 of the Lair of Beasts
 13472 | Lair:1   | Learned a level 1 spell: Apportation
 13524 | Lair:1   | Identified a scroll of acquirement
 13762 | Lair:1   | Reached skill level 13 in Spellcasting
 13768 | Lair:1   | Reached skill level 1 in Fire Magic
 13768 | Lair:1   | Reached skill level 1 in Air Magic
 13768 | Lair:1   | Reached skill level 1 in Earth Magic
 13770 | Lair:1   | Reached skill level 1 in Poison Magic
 14393 | Lair:2   | Acquired Sif Muna's first power
 14880 | Lair:2   | Reached skill level 5 in Conjurations
 15489 | Lair:2   | Learned a level 2 spell: Shroud of Golubria
 15494 | Lair:2   | Learned a level 4 spell: Passage of Golubria
 15545 | Lair:3   | Reached XP level 11. HP: 67/67 MP: 24/34
 15653 | Lair:3   | Acquired Sif Muna's second power
 15748 | Lair:4   | Noticed faibistes' ghost (powerful DEWz)
 15798 | Lair:3   | Noticed a death yak
 15994 | Lair:3   | Noticed a death yak
 15995 | Lair:3   | Noticed a death yak
 16079 | Lair:3   | Noticed a death yak
 16083 | Lair:3   | Noticed a death yak
 16086 | Lair:3   | Noticed a death yak
 16090 | Lair:3   | Killed a death yak
 16090 | Lair:3   | Reached skill level 1 in Invocations
 16250 | Lair:3   | Noticed an elephant
 16269 | Lair:3   | Killed an elephant
 16269 | Lair:3   | Reached skill level 1 in Charms
 16310 | Lair:3   | Noticed an elephant
 16554 | Lair:3   | Killed a death yak
 16554 | Lair:3   | Reached skill level 1 in Evocations
 16679 | Lair:3   | Killed a death yak
 16685 | Lair:3   | Killed a death yak
 16836 | Lair:2   | Learned a level 5 spell: Summon Forest
 16842 | Lair:2   | Learned a level 5 spell: Ignite Poison
 17188 | Lair:3   | Noticed Nergalle
 17211 | Lair:3   | Killed Nergalle
 17414 | Lair:3   | Noticed an elephant
 17418 | Lair:3   | Noticed an elephant
 17428 | Lair:3   | Noticed an elephant
 17430 | Lair:3   | Noticed an elephant
 17450 | Lair:3   | Killed an elephant
 17459 | Lair:3   | Killed an elephant
 17704 | Lair:3   | Killed a death yak
 17704 | Lair:3   | Reached skill level 14 in Spellcasting
 17704 | Lair:3   | Reached skill level 5 in Summonings
 17708 | Lair:3   | Killed a death yak
 17708 | Lair:3   | Acquired Sif Muna's third power
 17708 | Lair:3   | Reached XP level 12. HP: 45/72 MP: 4/36
 18110 | Lair:3   | Killed an elephant
 18114 | Lair:3   | Killed an elephant
 18117 | Lair:3   | Killed an elephant
 18117 | Lair:3   | Reached skill level 5 in Earth Magic
 18313 | Lair:4   | Reached skill level 5 in Fire Magic
 18473 | Lair:4   | Noticed a seven-headed hydra
 18483 | Lair:4   | Killed a seven-headed hydra
 19376 | Lair:4   | Found a staircase to the Swamp.
 19408 | Lair:4   | Reached skill level 1 in Transmutations
 19711 | Lair:5   | Noticed a four-headed hydra
 19725 | Lair:5   | Killed a four-headed hydra
 19965 | Lair:4   | Noticed a death yak
 19965 | Lair:4   | Noticed a death yak
 19986 | Lair:4   | Noticed a death yak
 19992 | Lair:4   | Killed faibistes' ghost
 19995 | Lair:4   | Noticed a seven-headed hydra
 20000 | Lair:4   | Killed a death yak
 20450 | Lair:4   | Found a hole to the Spider Nest.
 20537 | Lair:4   | Killed a seven-headed hydra
 20664 | Lair:4   | Found a glowing silver altar of Zin.
 20792 | Lair:4   | Reached skill level 5 in Charms
 21308 | Lair:5   | Reached skill level 10 in Dodging
 22235 | Lair:5   | Reached skill level 5 in Invocations
 22444 | Lair:5   | Reached XP level 13. HP: 78/78 MP: 9/37
 23023 | Lair:5   | Found a hole to the Spider Nest.
 23282 | Lair:5   | Noticed a seven-headed hydra
 23293 | Lair:5   | Killed a seven-headed hydra
 23293 | Lair:5   | Received a gift from Sif Muna
 23300 | Lair:5   | Learned a level 4 spell: Summon Ice Beast
 23414 | Lair:5   | Reached skill level 5 in Translocations
 24047 | Lair:5   | Reached skill level 1 in Ice Magic
 24452 | Lair:6   | Found a staircase to the Slime Pits.
 24453 | Lair:6   | Found a viscous altar of Jiyva.
 24643 | Lair:4   | Killed a death yak
 24644 | Lair:4   | Killed a death yak
 24938 | Lair:4   | Reached skill level 15 in Spellcasting
 26992 | Lair:6   | Reached skill level 5 in Evocations
 28191 | Lair:7   | Received a gift from Sif Muna
 28191 | Lair:7   | Reached XP level 14. HP: 53/84 MP: 21/38
 28192 | Lair:7   | Identified Lehudib's Catalogue of Flamy Attacks (Sif Muna gifted it to you on level 7 of the Lair of Beasts)
 28295 | Lair:6   | Learned a level 5 spell: Bolt of Magma
 29190 | Lair:7   | Got a steaming long sword
 29192 | Lair:7   | Identified the +5 long sword of Agony {pain, Contam Int+5} (You found it on level 7 of the Lair of Beasts)
 29289 | Lair:8   | Entered Level 8 of the Lair of Beasts
 32385 | Lair:2   | Learned a level 6 spell: Iron Shot
 32801 | Lair:8   | Noticed Erica
 32813 | Lair:8   | Killed Erica
 33003 | Lair:8   | Received a gift from Sif Muna
 33004 | Lair:8   | Identified Sif Muna's Grimoire of Arcane Weapons and Augmentations (Sif Muna gifted it to you on level 8 of the Lair of Beasts)
 33009 | Lair:8   | Reached skill level 16 in Spellcasting
 33669 | Lair:8   | Found a runed door.
 33670 | Lair:8   | Found a viscous altar of Jiyva.
 33674 | Lair:8   | Found a staircase to the Slime Pits.
 35420 | Lair:8   | Reached XP level 15. HP: 47/89 MP: 12/40
 36710 | Lair:2   | Learned a level 6 spell: Deflect Missiles
 36827 | Lair:2   | Learned a level 5 spell: Iskenderun's Battlesphere
 36834 | Lair:2   | Learned a level 5 spell: Lee's Rapid Deconstruction
 36945 | Orc:1    | Entered Level 1 of the Orcish Mines
 37162 | Orc:4    | Entered Level 4 of the Orcish Mines
 37318 | Orc:3    | Found a staircase to the Elven Halls.
 37320 | Orc:2    | Noticed Fannar
 38697 | Orc:2    | Killed Fannar
 39750 | Orc:3    | Found a deep blue altar of Sif Muna.
 40419 | Orc:4    | Found an iron altar of Okawaru.
 42977 | Orc:4    | Reached skill level 10 in Fire Magic
 43080 | Orc:4    | Found Okan's Armour Shop.
 43080 | Orc:4    | Found Qofuc's Assorted Antiques.
 43080 | Orc:4    | Found Mueg's Assorted Antiques.
 43086 | Orc:4    | Found Nusuh's Book Shop.
 43201 | Orc:4    | Bought a book of the Warp for 1170 gold pieces
 43203 | Orc:4    | Bought a scroll labeled QOEWIA TUESKI for 36 gold pieces
 43203 | Orc:4    | Bought a scroll labeled WIR OGAMELORA for 36 gold pieces
 43234 | Orc:4    | Bought a scroll of enchant weapon for 270 gold pieces
 43234 | Orc:4    | Bought a scroll of recharging for 342 gold pieces
 43234 | Orc:4    | Bought a potion of heal wounds for 180 gold pieces
 43235 | Orc:4    | Bought a book of Flames for 455 gold pieces
 43651 | Lair:2   | Learned a level 4 spell: Force Lance
 43658 | Lair:2   | Learned a level 5 spell: Fireball
 43977 | Elf:1    | Entered Level 1 of the Elven Halls
 44178 | Elf:1    | Reached skill level 10 in Earth Magic
 44316 | Elf:1    | Reached skill level 10 in Conjurations
 44687 | Orc:4    | Bought a scroll of identify for 72 gold pieces
 44688 | Orc:4    | Gained mutation: You can breathe flames. [potion of beneficial mutation]
 45991 | Elf:2    | Found Kaxin's Quality Used Wands.
 46117 | Elf:2    | Bought a wand of teleportation (0) for 216 gold pieces
 46410 | Elf:2    | Noticed Snorg
 46413 | Elf:2    | Killed Snorg
 46707 | Elf:2    | Found a large runed door.
 46708 | Elf:2    | Found a large runed door.
 46791 | Elf:2    | Found a large runed door.
 46792 | Elf:2    | Found a large runed door.
 46805 | Elf:2    | Cast into the Abyss (scimitar of distortion)
 46935 | Abyss:1  | Noticed a hellephant
 46948 | Abyss:1  | Killed a hellephant
 46948 | Abyss:1  | Reached XP level 16. HP: 54/96 MP: 25/40
 47010 | Abyss:1  | Lost mutation: You can breathe flames. [potion of cure mutation]
 47220 | Abyss:2  | Reached skill level 10 in Invocations
 47230 | Abyss:2  | Reached skill level 17 in Spellcasting
 47465 | Abyss:2  | Found a corrupted altar of Lugonu.
 47551 | Elf:2    | Escaped the Abyss
 48757 | Elf:2    | Received a gift from Sif Muna
 49872 | Lair:2   | Learned a level 5 spell: Ignite Poison
 49876 | Lair:2   | Learned a level 3 spell: Passwall
 49967 | Spider:1 | Entered Level 1 of the Spider Nest
 50544 | Spider:2 | Noticed Norris
 50831 | Spider:2 | Paralysed by Norris for 5 turns
 50833 | Spider:2 | Noticed Nikola
 51138 | Spider:2 | Killed Nikola
 51323 | Spider:2 | Paralysed by Norris for 3 turns
 51327 | Spider:2 | Killed Norris
 52416 | Spider:3 | Reached XP level 17. HP: 52/101 MP: 31/42
 53359 | Spider:1 | Received a gift from Sif Muna
 53360 | Spider:1 | Identified Sif Muna's Almanac of Helpful Arcane Weapons (Sif Muna gifted it to you on level 1 of the Spider Nest)
 53997 | Spider:2 | Noticed Roxanne
 54413 | Spider:2 | Reached skill level 18 in Spellcasting
 55268 | Spider:3 | Identified Omibets' Catalogue of Helpful Conjuration (You acquired it on level 3 of the Spider Nest)
 56435 | Spider:5 | Entered Level 5 of the Spider Nest
 56619 | Spider:5 | Reached skill level 10 in Fighting
 57986 | Spider:4 | Received a gift from Sif Muna
 58335 | Spider:5 | Noticed Aizul
 58840 | Spider:5 | Killed Aizul
 60371 | Lair:2   | Learned a level 5 spell: Lee's Rapid Deconstruction
 60566 | Spider:2 | Killed Roxanne
 60830 | Lair:2   | Learned a level 6 spell: Haste
 60957 | Swamp:1  | Entered Level 1 of the Swamp
 61319 | Swamp:1  | Reached XP level 18. HP: 108/108 MP: 10/43
 62173 | Swamp:1  | Reached skill level 19 in Spellcasting
 63125 | Swamp:1  | Noticed Frances
 63132 | Swamp:1  | Killed Frances
 63132 | Swamp:1  | Received a gift from Sif Muna
 63142 | Swamp:1  | Identified Sif Muna's Handbook of Attacks (Sif Muna gifted it to you on level 1 of the Swamp)
 67997 | Swamp:5  | Entered Level 5 of the Swamp
 68307 | Swamp:5  | Noticed Mara
 68753 | Swamp:4  | Learned a level 8 spell: Lehudib's Crystal Spear
 68770 | Swamp:5  | Killed Mara
 70002 | D:10     | Noticed a hill giant
 70006 | D:10     | Killed a hill giant
 70214 | D:10     | Found Waruj's Weapon Boutique.
 70761 | D:11     | Noticed faibistes' ghost (powerful DEWz)
 70767 | D:11     | Killed faibistes' ghost
 70775 | D:10     | Received a gift from Sif Muna
 70776 | D:10     | Identified Sif Muna's Collected Works on Warped Black Rituals (Sif Muna gifted it to you on level 10 of the Dungeon)
 74435 | D:13     | Reached XP level 19. HP: 113/113 MP: 1/44
 74628 | D:13     | Found a gate to the Vaults.
 75019 | D:15     | Entered Level 15 of the Dungeon
 75367 | D:14     | Found a sacrificial altar of Ru.
 75369 | D:14     | Noticed Harold
 75372 | D:14     | Killed Harold
 76064 | D:15     | Found a staircase to the Depths.
 77194 | Spider:5 | Reached skill level 20 in Spellcasting
 77200 | Spider:5 | Received a gift from Sif Muna
 77201 | Spider:5 | Identified Dugon's Catalogue of Supportive Augmentations (Sif Muna gifted it to you on level 5 of the Spider Nest)
 78441 | Spider:5 | Reached skill level 15 in Earth Magic
 79269 | Spider:5 | Got a gossamer rune of Zot
 79886 | Spider:5 | Reached skill level 15 in Conjurations
 80348 | Lair:2   | Learned a level 4 spell: Airstrike
 81202 | Swamp:5  | Reached skill level 15 in Fire Magic
 81208 | Swamp:5  | Noticed Saint Roka
 81348 | Swamp:5  | Killed Saint Roka
 81686 | Swamp:5  | Received a gift from Sif Muna
 81687 | Swamp:5  | Identified Sif Muna's Last Secrets of Rites and Rhymes (Sif Muna gifted it to you on level 5 of the Swamp)
 82745 | Swamp:5  | Noticed the 27-headed Lernaean hydra
 83015 | Swamp:5  | Noticed Jorgrun
 83015 | Swamp:5  | Killed the 27-headed Lernaean hydra
 83509 | Swamp:5  | Reached XP level 20. HP: 120/120 MP: 10/45
 83699 | Swamp:5  | Killed Jorgrun
 84111 | Swamp:5  | Got a decaying rune of Zot
 84393 | Lair:2   | Learned a level 7 spell: Ring of Flames
 85011 | Vaults:1 | Entered Level 1 of the Vaults
 85016 | Vaults:1 | Noticed Wiglaf
 85019 | Vaults:1 | Killed Wiglaf
 86434 | Vaults:1 | Reached skill level 21 in Spellcasting
 87016 | Vaults:2 | Noticed Asterion
 87019 | Vaults:2 | Found a flickering gateway to a bazaar.
 87034 | Bazaar   | Entered a bazaar
 87047 | Bazaar   | Found Qoad's Antique Weapon Emporium.
 87047 | Bazaar   | Found Suseu's Armour Emporium.
 87083 | Bazaar   | Found Wics' Gadget Shoppe.
 87083 | Bazaar   | Found Mouleuje's Jewellery Shoppe.
 87134 | Bazaar   | Bought a +2 cloak of poison resistance for 203 gold pieces
 87134 | Bazaar   | Bought a +1 hat of intelligence for 176 gold pieces
 87168 | Bazaar   | Bought an ancient long sword for 195 gold pieces
 87168 | Bazaar   | Identified the +6 long sword of Bosiod {drain, rElec MR+} (You bought it in a shop in a bazaar)
 87574 | Vaults:2 | Killed Asterion
 87739 | Vaults:2 | Received a gift from Sif Muna
 87741 | Vaults:2 | Identified Sif Muna's Grimoire of Virous Attacks (Sif Muna gifted it to you on level 2 of the Vaults)
 87870 | Vaults:2 | Noticed faibistes' ghost (mighty DEWz)
 88062 | Vaults:2 | Killed faibistes' ghost
 91922 | Vaults:2 | Received a gift from Sif Muna
 91930 | Vaults:2 | Identified Sif Muna's Volume of Confrontation and the Entourage (Sif Muna gifted it to you on level 2 of the Vaults)
 92748 | Vaults:2 | Reached XP level 21. HP: 105/126 MP: 24/46
 93116 | Vaults:2 | Reached skill level 10 in Charms
 95130 | Vaults:3 | Received a gift from Sif Muna
 95131 | Vaults:3 | Identified Sif Muna's Handbook of Confrontation (Sif Muna gifted it to you on level 3 of the Vaults)
 95306 | Vaults:3 | Reached skill level 22 in Spellcasting
 96016 | Vaults:3 | Found a staircase to the Crypt.
 98958 | Vaults:4 | Noticed Boris
 98993 | Vaults:4 | Received a gift from Sif Muna
 98995 | Vaults:4 | Identified Sif Muna's Handbook of Vitriolic Damage Dealing (Sif Muna gifted it to you on level 4 of the Vaults)
 99246 | Vaults:4 | Killed Boris
100031 | Vaults:4 | Reached XP level 22. HP: 132/132 MP: 12/47
102259 | Lair:2   | Learned a level 7 spell: Controlled Blink
102504 | Depths:1 | Entered Level 1 of the Depths
102504 | Depths:1 | Found a one-way gate leading to the halls of Pandemonium.
102779 | Depths:1 | Slain by a white very ugly thing

Action                   |  1- 3 |  4- 6 |  7- 9 | 10-12 | 13-15 | 16-18 | 19-21 | 22-24 || total
-------------------------+-------+-------+-------+-------+-------+-------+-------+-------++-------
Melee: Short sword       |     7 |       |    62 |       |       |       |       |       ||    69
       Dagger            |       |    18 |    25 |   176 |   278 |    32 |       |       ||   529
       Staff             |       |       |       |       |       |    15 |    89 |     7 ||   111
 Cast: Magic Dart        |   115 |   136 |   477 |   262 |   213 |   120 |    36 |       ||  1359
       Call Imp          |     2 |       |     1 |       |       |       |       |       ||     3
       Mephitic Cloud    |     2 |    10 |    40 |    58 |    82 |       |       |       ||   192
       Conjure Flame     |       |    13 |    41 |    85 |   142 |       |       |       ||   281
       Blink             |       |     8 |     6 |    12 |     7 |    15 |     6 |       ||    54
       Repel Missiles    |       |     2 |     1 |     1 |     1 |       |       |       ||     5
       Stone Arrow       |       |       |       |   192 |   111 |       |       |       ||   303
       Apportation       |       |       |       |     2 |       |       |       |       ||     2
       Summon Forest     |       |       |       |     8 |    17 |       |       |       ||    25
       Shroud of Golubri |       |       |       |     1 |     2 |       |       |       ||     3
       Ignite Poison     |       |       |       |    31 |   123 |   292 |   109 |       ||   555
       Summon Ice Beast  |       |       |       |       |    50 |       |       |       ||    50
       Passage of Golubr |       |       |       |       |    10 |     4 |     1 |       ||    15
       Bolt of Magma     |       |       |       |       |   110 |    25 |    95 |    10 ||   240
       Iron Shot         |       |       |       |       |    63 |   105 |       |       ||   168
       Lee's Rapid Decon |       |       |       |       |   100 |    56 |       |       ||   156
       Iskenderun's Batt |       |       |       |       |    23 |    56 |    22 |       ||   101
       Fireball          |       |       |       |       |    18 |   363 |   451 |    60 ||   892
       Force Lance       |       |       |       |       |    11 |   128 |   108 |     4 ||   251
       Deflect Missiles  |       |       |       |       |     3 |     4 |    13 |     1 ||    21
       Lehudib's Crystal |       |       |       |       |       |     9 |    88 |     6 ||   103
       Haste             |       |       |       |       |       |     3 |     3 |     1 ||     7
       Airstrike         |       |       |       |       |       |       |    19 |       ||    19
       Ring of Flames    |       |       |       |       |       |       |    51 |     9 ||    60
Invok: Channel Energy    |       |       |       |    23 |    68 |   173 |   103 |    18 ||   385
       Forget Spell      |       |       |       |       |     9 |     2 |     1 |     1 ||    13
Evoke: Wand              |       |       |     2 |       |     3 |    19 |    20 |     1 ||    45
  Use: Scroll            |     8 |     2 |    12 |    16 |    16 |    11 |     9 |       ||    74
       Potion            |       |       |       |     3 |     4 |    23 |    11 |     1 ||    42
 Stab: Confused          |       |     1 |     7 |     9 |     6 |     1 |       |       ||    24
  Eat: Chunk             |     3 |    10 |    19 |    24 |    54 |    25 |    55 |     6 ||   196
       Fruit             |       |       |       |     2 |       |    11 |     3 |       ||    16
       Beef jerky        |       |       |       |     6 |     2 |     2 |     1 |       ||    11
       Pizza             |       |       |       |     2 |     6 |     2 |     1 |       ||    11
       Royal jelly       |       |       |       |       |     2 |     1 |       |       ||     3
       Bread ration      |       |       |       |       |     5 |    12 |     5 |       ||    22
       Meat ration       |       |       |       |       |       |     3 |     4 |     1 ||     8
